 Dungeon Sprint DCSS version 0.17.2-1-ge4368a0 (webtiles) character file.

2544 mopl the Unseen (level 9, 0/47 HPs)
             Began as a Spriggan Assassin on Aug 22, 2016.
             Was a High Priest of Trog.
             Slain by a trapdoor spider (15 damage)
             ... in the Dungeon (Sprint III: "The Ten Rune Challenge").
             The game lasted 00:03:06 (408 turns).

mopl the Unseen (Spriggan Assassin)                  Turns: 408, Time: 00:03:06

Health: 0/47       AC:  4    Str:  7    XL:     9   Next: 30%
Magic:  10/10      EV: 17    Int: 13    God:    Trog [*****.]
Gold:   19         SH:  0    Dex: 20    Spells: 0 memorised, 8 levels left

rFire  . . .     SeeInvis +     b - +0 blowgun
rCold  . . .     Rnd*Rage +     n - +0 robe {Archmagi}
rNeg   . . .     SustAt   .     (shield restricted)
rPois  .         Gourm    .     (helmet restricted)
rElec  .         Spirit   .     d - +0 cloak
rCorr  .         Warding  .     (gloves unavailable)
rMut   .         NoTele   +     (boots unavailable)
MR     +....                    (no amulet)
Stlth  ++++++++..               (no ring)
                                (no ring)

@: very quick, somewhat resistant to hostile enchantments, extraordinarily
stealthy
A: unfitting armour, molten scales 1, see invisible, berserk 1, herbivore 3,
speed 3, slow metabolism 2
a: Berserk, Trog's Hand, Brothers in Arms, Burn Spellbooks, Renounce Religion


You were in the Dungeon.
You worshipped Trog.
Trog was extremely pleased with you.
You were not hungry.

You visited 1 branch You collected 19 gold pieces.

Inventory:

Hand Weapons
 a - a +2 dagger
 b - a +0 blowgun (weapon)
Missiles
 e - 4 poisoned needles
 f - 2 curare-tipped needles (quivered)
 z - 2 needles of sleeping
 A - 4 throwing nets
Armour
 d - a +0 cloak (worn)
 n - a +0 robe of the Archmagi (worn)
Wands
 s - a wand of heal wounds (3)
 y - a wand of polymorph (7)
Scrolls
 m - a scroll of blinking
 o - 2 scrolls of immolation {unknown}
 p - a scroll of identify
 q - a scroll of magic mapping {unknown}
 u - a scroll of torment {unknown}
 v - 2 scrolls of remove curse {unknown}
Potions
 c - a potion of might
 h - 2 potions of curing
 i - a potion of heal wounds
 j - a potion of haste
 k - 2 potions of magic
 l - 2 potions of berserk rage {!q}
 t - 5 potions of flight
Miscellaneous
 x - a plain deck of wonders
Comestibles
 g - 3 bread rations
 r - 2 fruits
 w - a royal jelly


   Skills:
 + Level 5.4 Fighting
 + Level 7.2 Short Blades
 * Level 15.4 Throwing
 - Level 1.5 Dodging
 + Level 17.1 Stealth


You had 8 spell levels left.
You didn't know any spells.

Dungeon Overview and Level Annotations

Branches:
Dungeon (1/1)

Altars:
Cheibriados
Dithmenos
Elyvilon
Fedhas
Gozag
Kikubaaqudgha
Makhleb
Nemelex Xobeh
Okawaru
Qazlal
Ru
Sif Muna
Trog
Vehumet
Xom
Yredelemnul
Zin
The Shining One
Jiyva
Lugonu


Innate Abilities, Weirdness & Mutations

You are tiny and cannot use many weapons and most armour.
You have supernaturally acute eyesight.
You are a herbivore.
You cover ground extremely quickly.
You need consume almost no food.
You are partially covered in molten scales (AC +1).
You tend to lose your temper in combat.


Message History

The trapdoor spider barely misses you.
b - a +0 blowgun (weapon)
The trapdoor spider bites you!
You are too injured to fight recklessly!
Firing (i - inventory. (,) - cycle):
f - 4 curare-tipped needles (quivered)
Press: ? - help, Shift-Dir - straight line, f - trapdoor spider
Aim: a trapdoor spider You shoot a curare-tipped needle.
The curare-tipped needle completely misses the trapdoor spider.
The trapdoor spider bites you.
Firing (i - inventory. (,) - cycle):
f - 3 curare-tipped needles (quivered)
Press: ? - help, Shift-Dir - straight line, f/p - trapdoor spider
Aim: a trapdoor spider You shoot a curare-tipped needle.
The curare-tipped needle hits the trapdoor spider.
The trapdoor spider is poisoned.
The trapdoor spider convulses.
The trapdoor spider seems to slow down.
The trapdoor spider is moderately wounded.
A net drops to the ground!
The trapdoor spider bites you!
You die...

####################
..#.#.#)....#...(((+
#..#.##.###)#......#
.#.#.##.#..##....s.#
.#..#..##..†..†.@.^#
▓▓▓▓▓▓▓▓▓▓▓#......^#
#.......# +....^..#
#.......# ##+######


You could see a trapdoor spider.

Vanquished Creatures
  Erolcha (D)
  A deep elf priest (D)
  A shadow (D)
  A trapdoor spider (D)
  A redback (D)
  A spatial vortex (D)
  2 hill giants (D)
  A necrophage (D)
  3 two-headed ogres (D)
  A water elemental (D)
  A wizard (D)
  A jelly (D)
  Crazy Yiuf (D)
  Jessica (D)
  A necromancer (D)
  3 humans (D)
  A kobold demonologist (D)
  An ooze (D)
  2 rats (D)
25 creatures vanquished.

Vanquished Creatures (others)
  2 draconian scorchers (D)
  A yaktaur (D)
3 creatures vanquished.

Grand Total: 28 creatures vanquished

Notes
Turn   | Place    | Note
--------------------------------------------------------------
     0 | D        | mopl the Spriggan Assassin began the quest for the Orb.
     0 | D        | Reached XP level 1. HP: 10/10 MP: 2/2
     5 | D        | Reached skill level 3 in Throwing
     5 | D        | Reached skill level 6 in Stealth
    12 | D        | Noticed Jessica
    14 | D        | Killed Jessica
    14 | D        | Reached skill level 5 in Throwing
    14 | D        | Reached skill level 8 in Stealth
    14 | D        | Reached XP level 2. HP: 14/14 MP: 3/3
    14 | D        | Reached XP level 3. HP: 18/18 MP: 4/4
    73 | D        | Reached skill level 6 in Throwing
    92 | D        | Noticed Crazy Yiuf
    99 | D        | Killed Crazy Yiuf
    99 | D        | Reached skill level 7 in Throwing
    99 | D        | Reached skill level 9 in Stealth
    99 | D        | Reached XP level 4. HP: 22/22 MP: 5/5
   113 | D        | Gained mutation: Your magical capacity is low (-10% MP). [potion of mutation]
   113 | D        | Gained mutation: Your mind is acute. (Int +2) [potion of mutation]
   113 | D        | Gained mutation: You are partially covered in molten scales (AC +1). [potion of mutation]
   114 | D        | Gained mutation: Your body sometimes deteriorates upon taking damage. [potion of mutation]
   114 | D        | Gained mutation: You tend to lose your temper in combat. [potion of mutation]
   115 | D        | Lost mutation: Your body sometimes deteriorates upon taking damage. [potion of cure mutation]
   115 | D        | Lost mutation: Your mind is acute. (Int +2) [potion of cure mutation]
   115 | D        | Lost mutation: Your magical capacity is low (-10% MP). [potion of cure mutation]
   129 | D        | Noticed a water elemental
   132 | D        | Killed a water elemental
   132 | D        | Reached skill level 8 in Throwing
   132 | D        | Reached skill level 10 in Stealth
   138 | D        | Found an iron altar of Okawaru.
   139 | D        | Found a bloodstained altar of Trog.
   139 | D        | Noticed a human
   139 | D        | Noticed a human
   141 | D        | Killed a human
   141 | D        | Reached skill level 10 in Throwing
   141 | D        | Reached skill level 12 in Stealth
   141 | D        | Reached XP level 5. HP: 25/25 MP: 6/6
   141 | D        | Reached XP level 6. HP: 30/30 MP: 7/7
   142 | D        | Killed a human
   142 | D        | Reached skill level 11 in Throwing
   142 | D        | Reached skill level 13 in Stealth
   148 | D        | Became a worshipper of Trog the Wrathful
   154 | D        | Found a glowing silver altar of Zin.
   155 | D        | Found a glowing golden altar of the Shining One.
   155 | D        | Found a white marble altar of Elyvilon.
   155 | D        | Noticed a deep elf priest
   157 | D        | Killed a deep elf priest
   157 | D        | Reached skill level 12 in Throwing
   157 | D        | Reached skill level 14 in Stealth
   157 | D        | Reached XP level 7. HP: 33/33 MP: 8/8
   167 | D        | Found a radiant altar of Vehumet.
   168 | D        | Found a deep blue altar of Sif Muna.
   168 | D        | Found an ancient bone altar of Kikubaaqudgha.
   168 | D        | Noticed a wizard
   169 | D        | Killed a wizard
   169 | D        | Reached * piety under Trog
   170 | D        | Reached ** piety under Trog
   170 | D        | Reached *** piety under Trog
   193 | D        | Found a basalt altar of Yredelemnul.
   193 | D        | Found a snail-covered altar of Cheibriados.
   193 | D        | Found a blossoming altar of Fedhas.
   193 | D        | Noticed a necrophage
   193 | D        | Noticed a necromancer
   195 | D        | Killed a necrophage
   195 | D        | Reached skill level 13 in Throwing
   195 | D        | Reached skill level 15 in Stealth
   196 | D        | Killed a necromancer
   204 | D        | Noticed a jelly
   205 | D        | Noticed a shadow
   207 | D        | Killed a shadow
   207 | D        | Reached skill level 2 in Fighting
   207 | D        | Reached skill level 3 in Short Blades
   211 | D        | Killed a jelly
   211 | D        | Reached **** piety under Trog
   216 | D        | Found a stormy altar of Qazlal.
   217 | D        | Noticed a spatial vortex
   217 | D        | Found a sacrificial altar of Ru.
   217 | D        | Found a burning altar of Makhleb.
   217 | D        | Found a viscous altar of Jiyva.
   217 | D        | Found a shimmering altar of Xom.
   217 | D        | Found a shadowy altar of Dithmenos.
   217 | D        | Found a sparkling altar of Nemelex Xobeh.
   217 | D        | Found a corrupted altar of Lugonu.
   217 | D        | Found an opulent altar of Gozag.
   218 | D        | Killed a spatial vortex
   218 | D        | Reached XP level 8. HP: 39/39 MP: 9/9
   231 | D        | Noticed a two-headed ogre
   231 | D        | Noticed a two-headed ogre
   245 | D        | Killed a white draconian scorcher
   249 | D        | Killed a two-headed ogre
   249 | D        | Reached skill level 3 in Fighting
   249 | D        | Reached skill level 4 in Short Blades
   256 | D        | Killed a two-headed ogre
   266 | D        | Killed a white draconian scorcher
   304 | D        | Noticed a hill giant
   306 | D        | Noticed a two-headed ogre
   307 | D        | Killed a hill giant
   307 | D        | Received a gift from Trog
   307 | D        | Reached skill level 14 in Throwing
   309 | D        | Killed a yaktaur
   314 | D        | Killed a two-headed ogre
   314 | D        | Reached skill level 5 in Short Blades
   314 | D        | Reached skill level 16 in Stealth
   318 | D        | Noticed Erolcha
   325 | D        | Killed Erolcha
   325 | D        | Reached ***** piety under Trog
   325 | D        | Reached skill level 4 in Fighting
   325 | D        | Reached skill level 6 in Short Blades
   325 | D        | Reached XP level 9. HP: 42/46 MP: 10/10
   328 | D        | Noticed a hill giant
   337 | D        | Killed a hill giant
   337 | D        | Reached skill level 5 in Fighting
   337 | D        | Reached skill level 15 in Throwing
   341 | D        | Noticed a redback
   360 | D        | Killed a redback
   360 | D        | Received a gift from Trog
   360 | D        | Reached skill level 17 in Stealth
   384 | D        | Noticed a trapdoor spider
   395 | D        | Killed a trapdoor spider
   395 | D        | Reached skill level 7 in Short Blades
   405 | D        | Noticed a trapdoor spider
   408 | D        | Slain by a trapdoor spider

Action                   |  1- 3 |  4- 6 |  7- 9 || total
-------------------------+-------+-------+-------++-------
Melee: Dagger            |     7 |     4 |    25 ||    36
 Fire: Blowgun           |     4 |       |    17 ||    21
Invok: Burn Spellbooks   |       |       |     1 ||     1
       Berserk           |       |       |     1 ||     1
  Use: Potion            |       |     3 |       ||     3
       Scroll            |       |       |     1 ||     1
 Stab: Sleeping          |     5 |     4 |    10 ||    19
       Held in net/web   |       |       |     1 ||     1
